 Dungeon Crawl Stone Soup version 0.28.0 (webtiles) character file.

Game seed: 10599367457161004321

81 croobank the Ducker (level 4, 0/37 HPs)
             Began as a Minotaur Transmuter on Feb 10, 2022.
             Slain by Robin (3 damage)
             ... on level 3 of the Dungeon.
             The game lasted 00:06:57 (2282 turns).

croobank the Ducker (Minotaur Transmuter)           Turns: 2282, Time: 00:06:58

Health: 0/37       AC:  3    Str: 17    XL:     4   Next: 19%
Magic:  5/5        EV: 12    Int: 16    God:
Gold:   103        SH:  0    Dex: 10    Spells: 2/5 levels left

rFire   . . .      SeeInvis .   h - +0 trident (distort)
rCold   + . .      Faith    .   (no shield)
rNeg    . . .      Spirit   .   m - +0 leather armour
rPois   .          Reflect  .   (helmet restricted)
rElec   .          Harm     .   (no cloak)
rCorr   .          Rampage  .   (no gloves)
Will    .....                   (no boots)
Stlth   +.........              (no amulet)
HPRegen 0.12/turn               e - ring of protection from cold
MPRegen 0.09/turn               j - +6 ring of intelligence

@: lethally poisoned (0 -> -7)
A: horns 2, retaliatory headbutt
a: no special abilities


You were on level 3 of the Dungeon.
You visited 1 branch of the dungeon, and saw 3 of its levels.

You collected 103 gold pieces.

Inventory:

Hand Weapons
 b - a +0 hunting sling
 h - a +0 trident of distortion (weapon)
Missiles
 g - 33 bolts
 l - 13 stones
 n - 20 sling bullets
Armour
 a - a +0 robe
 m - a +0 leather armour (worn)
 p - a +0 chain mail
Jewellery
 e - a ring of protection from cold (left hand)
 j - a +6 ring of intelligence (right hand)
Scrolls
 d - a scroll of fog {unknown}
 f - a scroll of teleportation {unknown}
 k - 3 scrolls of identify {unknown}
Potions
 i - a potion of might {unknown}
 o - a potion of attraction {unknown}


   Skills:
 + Level 2.8 Fighting
 + Level 2.4 Polearms
 + Level 3.5 Dodging
 - Level 3.2 Unarmed Combat
 - Level 1.3 Spellcasting
 - Level 1.5 Transmutations


You had 2 spell levels left.
You knew the following spells:

 Your Spells              Type           Power      Damage    Failure   Level
a - Beastly Appendage     Tmut           12%        N/A       14%         1
b - Wereblood             Tmut           6%         N/A       22%         2

Your spell library contained the following spells:

 Spells                   Type           Power      Damage    Failure   Level
 Spider Form              Tmut/Pois      3%         N/A       52%         3
 Gell's Gravitas          Tloc           1%         N/A       63%         3
 Lesser Beckoning         Tloc           1%         N/A       63%         3
 Teleport Other           Tloc           1%         N/A       63%         3
 Tukima's Dance           Hex            1%         N/A       63%         3
 Ice Form                 Ice/Tmut       3%         N/A       89%         4
 Passage of Golubria      Tloc           1%         N/A       95%         4
 Yara's Violent Unravell  Hex/Tmut       1%         3d3       99%         5


Dungeon Overview and Level Annotations

Branches:
Dungeon (3/15)

Altars:

Shops:
D:2 !

Annotations:
D:3 1 runed translucent door, BobtheApe's ghost, amateur KoBr; Robin


Innate Abilities, Weirdness & Mutations

You have a pair of horns on your head.
You reflexively headbutt those who attack you in melee.


Message History

The goblin shouts!
You hear a shout! x2
Robin hits you with a +3 spear of venom.
You are poisoned.
The hobgoblin misses you. You furiously retaliate!
You headbutt the hobgoblin, but do no damage.
You hit Robin. Your headbutt misses Robin.
Robin is lightly wounded.
Robin blinks!
You feel very sick.
Robin hits you with a +3 spear of venom.
The hobgoblin barely misses you.
Robin hits you with a +3 spear of venom.
You are lethally poisoned!
A goblin comes into view. It is wielding a +0 dagger.
You hit Robin but do no damage.
Space warps around Robin.
Robin is lightly wounded.
* * * LOW HITPOINT WARNING * * *
You feel very sick.
The hobgoblin hits you but does no damage.
Robin zaps a wand.
You turn into a tree.
Your +0 leather armour melds into your body.
Your roots penetrate the ground.
You barely miss Robin.
Robin is lightly wounded.
* * * LOW HITPOINT WARNING * * *
You feel very sick.
The hobgoblin hits you but does no damage.
Robin hits you with a +3 spear of venom.
* * * LOW HITPOINT WARNING * * *
The hobgoblin hits you but does no damage.
It was a potion of cancellation.
Your magical effects are unravelling.
You feel magically purged.
You feel less wooden.
Your +0 leather armour unmelds from your body.
* * * LOW HITPOINT WARNING * * *
You feel sick.
The hobgoblin no longer looks unusually strong.
Robin hits you with a +3 spear of venom.
You die...

......>.
#.g.............
..######
###...............
..#
#gg.#####....?....
..# #g###
########## ..# #g#
..######### #r#
..........# #g#
..#######.# #g#
.## #.######@# .#
#......g.# .#
########## .# .#
.# .# .# .#


You could see Robin, 2 hobgoblins, 4 goblins and a rat.

Vanquished Creatures
  3 gnolls (D:2)
  An adder (D:2)
  4 dart slugs
  2 ball pythons (D:1)
  4 bats (D:1)
  3 endoplasms (D:1)
  A giant cockroach (D:3)
  4 goblins
  2 hobgoblins
  4 frilled lizards
  6 kobolds
  3 rats (D:1)
37 creatures vanquished.

Notes
Turn   | Place    | Note
-------+----------+-------------------------------------------
     0 | D:1      | croobank the Minotaur Transmuter began the quest for the
                  | Orb.
     0 | D:1      | Reached XP level 1. HP: 16/16 MP: 1/1
   318 | D:1      | Reached XP level 2. HP: 18/23 MP: 3/3
   508 | D:1      | Reached skill level 1 in Polearms
   574 | D:1      | Found a faded altar of an unknown god.
  1272 | D:2      | Found Reruy's Distillery.
  1450 | D:2      | Reached XP level 3. HP: 8/29 MP: 4/4
  1781 | D:2      | Reached XP level 4. HP: 25/37 MP: 5/5
  1937 | D:2      | Learned a level 2 spell: Wereblood
  2042 | D:3      | Found a runed translucent door.
  2045 | D:3      | Noticed BobtheApe's ghost (amateur KoBr)
  2250 | D:3      | Noticed Robin
  2282 | D:3      | Slain by Robin

Illustrated notes

Levels and vault maps discovered:
D:1:      erik_arrival_triangle_medium, layout_loops_corners,
          dilly_ecumenical_altar_fadedgnrine, minmay_close_crescents
D:2:      layout_rooms, serial_shops, nicolae_shop_crystal
D:3:      layout_basic, hellmonk_ghost_happy_afterlife, uniq_ijyb, uniq_robin

Skill      XL: |  1  2  3 |
---------------+----------+-----
Polearms       | 1 2 |  2.4
Fighting       | 2 |  2.8
Dodging        | 3 |  3.5
Unarmed Combat | |  3.2
Spellcasting   | |  1.3
Transmutations | |  1.5

Action                   |  1- 3 |  4- 6 || total
-------------------------+-------+-------++-------
Melee: Trident           |    50 |    19 ||    69
       Unarmed           |     7 |       ||     7
       Headbutt          |     7 |     3 ||    10
       Punch             |     1 |     2 ||     3
       Kick              |       |     1 ||     1
 Cast: Beastly Appendage |     3 |     1 ||     4
       Wereblood         |       |     1 ||     1
  Use: Potion            |       |     1 ||     1
 Stab: Sleeping          |     1 |       ||     1
Armor: Robe              |    14 |       ||    14
       Leather armour    |     9 |     6 ||    15
       Skin              |       |     2 ||     2
Dodge: Dodged            |    42 |    13 ||    55
